 Dungeon Crawl Stone Soup version 0.29.1-13-g9f3cf754e1 (webtiles) character file.

Game seed: 14100200765600118297

84193 BeingJoeMalik the Devastator (level 15, -9/83 HPs)
             Began as a Tengu Conjurer on Feb 3, 2023.
             Was the Champion of Hepliaklqana.
             Mangled by a cyclops (26 damage)
             ... on level 2 of the Orcish Mines on Feb 6, 2023.
             The game lasted 02:04:17 (27265 turns).

BeingJoeMalik the Devastator (Tengu Conjurer)      Turns: 27265, Time: 02:04:18

Health: -9/83      AC: 13    Str: 14    XL:     15   Next: 79%
Magic:  3/42       EV: 17    Int: 25    God:    Hepliaklqana [******]
Gold:   580        SH:  0    Dex: 14    Spells: 3/40 levels left

rFire   . . .      SeeInvis .   G - +4 flail "Arbiter" {flame, MP+9 Str+2}
rCold   . . .      Faith    .   (no shield)
rNeg    + + .      Spirit   .   m - +2 robe {Archmagi}
rPois   +          Reflect  .   F - +1 hat {Will+}
rElec   +          Harm     .   f - +0 cloak
rCorr   .          Rampage  .   s - +2 pair of gloves {Str+3}
Will    ++...      Archmagi +   (boots unavailable)
Stlth   ++........              P - amulet of the Final Chapter {rElec rN+ Regen+}
HPRegen 1.03/turn               U - ring "Tugocul" {rElec rPois rN+ Dex+2}
MPRegen 0.28/turn               K - +4 ring of protection

@: flying quickly and evasively, quick
A: reduced essence, beak, talons 3, nimble flight
a: Renounce Religion, Recall Ancestor, Ancestor Identity, Transference, Idealise


You were on level 2 of the Orcish Mines.
You worshipped Hepliaklqana.
Hepliaklqana was exalted by your worship.
You visited 5 branches of the dungeon, and saw 22 of its levels.
You also visited: Bailey.

You collected 1630 gold pieces.
You spent 1050 gold pieces at shops.

Inventory:

Hand Weapons
 E - the +6 shillelagh "Devastator" {shatter}
   (You found it on level 9 of the Dungeon)

   It releases a powerful concussive burst when it strikes, dealing extra damage
   to the target and all other foes adjacent to them.
 G - the +4 flail "Arbiter" (weapon) {flame, MP+9 Str+2}
   (You found it on level 2 of the Lair of Beasts)

   It burns those it strikes, dealing additional fire damage.
   Str:       It affects your strength (+2).
   MP:        It affects your magic capacity (+9).
Missiles
 q - 5 silver boomerangs
 x - 3 poisoned darts (quivered)
 H - 4 curare-tipped darts
Armour
 f - a +0 cloak (worn)
 m - a +2 robe of the Archmagi (worn)
 o - the +3 leather armour of Misanthropy {Will+ rCorr}
   (You found it on level 2 of the Dungeon)

   rCorr:     It protects you from acid and corrosion.
   Will:      It increases your willpower.
 s - a +2 pair of gloves of strength (worn)
 v - a +2 robe of resistance
 F - a +1 hat of willpower (worn)
 L - an orb of energy
 X - a +2 kite shield of cold resistance
Magical Staves
 V - a staff of conjuration
Jewellery
 a - a +6 ring of strength
 w - a +4 ring of evasion
 K - a +4 ring of protection (right hand)
 P - the amulet of the Final Chapter (around neck) {rElec rN+ Regen+}
   (You found it on level 12 of the Dungeon)

   [amulet of regeneration]

   rElec:     It insulates you from electricity.
   rN:        It protects you from negative energy.
   Regen:     It increases your rate of health regeneration.
 U - the ring "Tugocul" (left hand) {rElec rPois rN+ Dex+2}
   (You acquired it on level 1 of the Dungeon)

   [ring of poison resistance]

   Dex:       It affects your dexterity (+2).
   rElec:     It insulates you from electricity.
   rPois:     It protects you from poison.
   rN:        It protects you from negative energy.
Wands
 l - a wand of mindburst (15)
 N - a wand of paralysis (26)
 O - a wand of iceblast (11)
 Q - a wand of polymorph (5)
 S - a wand of light (5)
 W - a wand of digging (2)
Scrolls
 e - 12 scrolls of teleportation
 g - 3 scrolls of butterflies
 h - a scroll of brand weapon
 j - a scroll of summoning
 k - 3 scrolls of blinking
 n - 2 scrolls of enchant armour
 r - 13 scrolls of identify
 C - 2 scrolls of enchant weapon
 J - 2 scrolls of poison
 R - a scroll of amnesia
 Y - a scroll of fear
Potions
 b - 2 potions of heal wounds
 c - 3 potions of mutation
 d - 4 potions of haste
 i - a potion of cancellation
 p - 9 potions of curing
 t - 5 potions of brilliance
 z - a potion of might
 D - a potion of magic
 I - 3 potions of lignification
 T - a potion of berserk rage
Miscellaneous
 u - a tin of tremorstones (2/2)


   Skills:
 * Level 10.4 Fighting
 - Level 4.8(6.0) Maces & Flails
 * Level 5.5(6.4) Staves
 + Level 5.4 Dodging
 - Level 2.0 Stealth
 + Level 13.4 Spellcasting
 + Level 19.6 Conjurations
 - Level 8.1 Necromancy
 * Level 1.8 Transmutations
 * Level 3.6 Ice Magic
 * Level 10.3 Air Magic
 * Level 6.4 Evocations


You had 3 spell levels left.
You knew the following spells:

 Your Spells              Type           Power      Damage    Failure   Level
a - Magic Dart            Conj           100%       1d8       0%          1
b - Searing Ray           Conj           100%       2d8       0%          2
c - Stone Arrow           Conj/Erth      100%       3d13      1%          3
d - Lightning Bolt        Conj/Air       47%        1d68      1%          5
e - Hailstorm             Conj/Ice       85%        3d17      1%          4
f - Necrotise             Necr           100%       1d9       1%          1
g - Mephitic Cloud        Conj/Pois/Air  79%        N/A       1%          3
h - Sticky Flame          Conj/Fire      78%        2d9       1%          4
i - Irradiate             Conj/Tmut      40%        3d25      1%          5
j - Airstrike             Air            40%        2d(6-22)  1%          4
k - Freezing Cloud        Conj/Ice/Air   41%        6-21      1%          5

Your spell library contained the following spells:

 Spells                   Type           Power      Damage    Failure   Level
 Static Discharge         Conj/Air       95%        3-15/arc  0%          2
 Sublimation of Blood     Necr           72%        N/A       1%          2
 Conjure Flame            Conj/Fire      78%        6-21      1%          3
 Dazzling Flash           Conj/Hex       100%       N/A       1%          3
 Vampiric Draining        Necr           72%        2d11      1%          3
 Sandblast                Erth           50%        2d12      3%          1
 Passwall                 Tmut/Erth      25%        N/A       3%          2
 Ignite Poison            Fire/Tmut/Pois 29%        N/A       9%          3
 Confusing Touch          Hex            25%        N/A       11%         3
 Fulminant Prism          Conj/Hex       39%        3d18      1%          4
 Iskenderun's Mystic Bla  Conj/Tloc      78%        2d16      1%          4
 Agony                    Necr           72%        N/A       3%          5
 Summon Lightning Spire   Summ/Air       59%        N/A       4%          4
 Ice Form                 Ice/Tmut       45%        N/A       11%         4
 Petrify                  Tmut/Erth      31%        N/A       24%         4
 Simulacrum               Ice/Necr       31%        N/A       43%         6
 Yara's Violent Unravell  Hex/Tmut       15%        3d8       54%         5
 Lee's Rapid Deconstruct  Erth           12%        3d10*     67%         5
 Maxwell's Capacitive Co  Air            40%        ∞         98%         8
 Enfeeble                 Hex            12%        N/A       100%        7


Dungeon Overview and Level Annotations

Branches:
Dungeon (13/15)            Temple (1/1) D:4            Lair (4/5) D:9
 Shoals (0/4) Lair:3        Snake (2/4) Lair:2        Slime (0/5) Lair:4
    Orc (2/2) D:11         Bailey (visited)
    Elf: Orc:2       Vaults: D:13-14

Altars:
Ashenzari
Cheibriados
Dithmenos
Elyvilon
Fedhas
Gozag
Hepliaklqana
Kikubaaqudgha
Makhleb
Nemelex Xobeh
Okawaru
Qazlal
Sif Muna
Trog
Uskayaw
Vehumet
Wu Jian
Xom
Yredelemnul
Zin
The Shining One

Shops:
D:1 ?   D:12 !   Snake:1 (   Snake:2 !!(

Annotations:
D:11 2 transporters, leafyfresh's ghost, journeyman GnDe
Lair:4 Rupert
Snake:1 1 runed translucent door, sleeves's ghost, adept BaSu
Snake:2 Vashnia


Innate Abilities, Weirdness & Mutations

Your life essence is reduced to manifest your ancestor. (-10% HP)
You have a beak for a mouth.
You have claws for feet.
Your magical nature lets you fly swiftly and evasively.


Message History

Unknown command.
Casting: Hailstorm (safe; 1% risk of failure)
Confirm with . or Enter, or press ? or * to list all spells.
Aiming: Stone Arrow (safe; 1% risk of failure)
Press: ? - help, Shift-Dir - straight line, f/p - orc knight
Aim: an orc knight, wielding a +1 dire flail and wearing a +0 plate armour (moderately wounded, 78% to hit)
You feel a surge of power!
The stone arrow hits the orc priest!!
You kill the orc priest!
The orc priest calls upon Beogh to heal the orc knight.
The orc knight is healed somewhat.
Casting: Stone Arrow (safe; 1% risk of failure)
Confirm with . or Enter, or press ? or * to list all spells.
Casting: Hailstorm (safe; 1% risk of failure)
Press: ? - help, Dir - look around, f - activate You feel a surge of power!
A cannonade of hail descends around you!
The hail pelts the orc!!
You kill the orc!
The hail pelts the orc knight!!
The orc knight is heavily wounded.
The hail pelts the cyclops!!
The cyclops is severely wounded.
The orc knight roars a battlecry!
The orc knight goes into a battle-frenzy!
Unknown command.
Unknown command.
Okay, then.
Unknown command.
Unknown command.
The cyclops throws a large rock.
The large rock hits you!!
You fly upwards.
There is a stone staircase leading down here.
You fly downwards.
The orc knight hits you with a +1 dire flail!!
The orc priest calls down the wrath of Beogh upon you.
Beogh smites you!
* * * LOW HITPOINT WARNING * * *
There is a stone staircase leading up, spattered with blood here.
The cyclops hits you!!
You die...

.......
##.....#
#......#
#$.....#
#..)[..#
#......#
#......#
#..o@o.#
##.oC.)#
#[.o)[#
#...[..o.
##.$...oo.
...........
##..........
#......$...


You could see 2 orc knights, a cyclops, 2 orc priests and 3 orcs.

Vanquished Creatures
  Jorgrun (Snake:1)
  Gastronok (Lair:2)
  Kirke (Lair:3)
  Nessos (Lair:4)
  2 hydras
  2 salamander tyrants
  A boulder beetle (D:13)
  An anaconda (Snake:1)
  A centaur warrior (D:11)
  7 naga warriors
  5 two-headed ogres
  6 death yaks
  4 shock serpents
  Amaemon (Lair:3)
  10 naga sharpshooters
  4 salamander mystics
  Pikel (D:7)
  6 naga ritualists
  2 orc knights
  5 mana vipers
  2 manticores
  4 orc sorcerers
  A cyclops (D:11)
  6 salamanders
  A guardian serpent (Lair:2)
  4 naga magi
  27 black mambas
  4 cane toads
  An orange demon (Lair:3)
  3 gargoyles
  A rime drake (Lair:3)
  2 komodo dragons
  3 hornets
  A troll (D:11)
  3 slime creatures (D:12)
  9 blink frogs
  3 dream sheep (Lair:1)
  Sigmund (D:3)
  33 yaks
  2 wraiths
  3 wyverns
  A shadow (D:11)
  A steam dragon (D:8)
  3 hogs (Lair:3)
  2 vampire mosquitoes (D:11)
  A warg (Orc:1)
  2 acid dragons
  15 nagas
  9 water moccasins
  16 orc warriors
  An ogre (D:6)
  A sky beast (D:8)
  5 centaurs
  6 bullfrogs
  A gnoll sergeant (D:10)
  2 necrophages
  A scorpion (D:4)
  16 wights
  2 hexers
  17 killer bees
  A howler monkey (D:11)
  2 jellies (D:6)
  13 orc priests
  3 hounds
  3 iguanas
  9 orc wizards
  8 gnolls
  7 adders
  A shadow imp (D:7)
  A white imp (D:6)
  An ufetubus (D:6)
  3 dart slugs
  36 orcs
  4 ball pythons
  2 endoplasms
  3 giant cockroaches
  6 goblins
  3 hobgoblins
  17 kobolds
  A bat (D:2)
  4 frilled lizards
  4 rats
  A spectral orc (D:12)
411 creatures vanquished.

Vanquished Creatures (collateral kills)
  A nagaraja (Snake:1)
  Aizul (Snake:1)
  A two-headed ogre (D:8)
  2 anacondas
  A naga sharpshooter (Snake:1)
  A naga ritualist (Snake:1)
  2 mana vipers (Snake:1)
  2 salamanders
  A naga mage (Snake:1)
  2 cane toads (Lair:3)
  3 black mambas
  2 torpor snails
  A komodo dragon (Lair:2)
  A dream sheep (Lair:1)
  5 blink frogs
  7 yaks
  A wyvern (D:8)
  A basilisk (Lair:1)
  A hog (Lair:3)
  A warg (Orc:2)
  2 nagas
  A sky beast (D:7)
  A centaur (D:8)
  A lemure (D:7)
  2 bullfrogs
  3 wights
  6 killer bees
  A hound (D:7)
  2 orc priests (Orc:2)
  An orc wizard (Orc:2)
  5 gnolls
  9 orcs
  2 goblins
  A butterfly (Lair:2)
74 creatures vanquished.

Vanquished Creatures (others)
  27 hexers
  2 ancestors (Bailey)
  13 fungi
  42 plants
84 creatures vanquished.

Grand Total: 569 creatures vanquished

Notes
Turn   | Place    | Note
-------+----------+-------------------------------------------
     0 | D:1      | BeingJoeMalik the Tengu Conjurer began the quest for the
                  | Orb.
     0 | D:1      | Reached XP level 1. HP: 10/10 MP: 4/4
   257 | D:1      | Reached XP level 2. HP: 15/15 MP: 1/6
   307 | D:1      | Learned a level 2 spell: Searing Ray
   356 | D:1      | Reached skill level 6 in Conjurations
   413 | D:1      | Found Omeseode's Magic Scroll Shop.
   422 | D:1      | Bought a scroll of noise for 10 gold pieces
   494 | D:1      | Found a faded altar of an unknown god.
   936 | D:2      | Identified the +3 leather armour of Misanthropy {Will+
                  | rCorr}
  1301 | D:2      | Reached XP level 3. HP: 19/19 MP: 3/7
  1631 | D:2      | Reached skill level 7 in Conjurations
  1792 | D:3      | Reached XP level 4. HP: 24/24 MP: 3/8
  2186 | D:3      | Noticed Sigmund
  2203 | D:3      | Killed Sigmund
  2204 | D:3      | Reached skill level 9 in Conjurations
  2204 | D:3      | Gained mutation: Your magical nature lets you fly swiftly
                  | and evasively. [Tengu growth]
  2204 | D:3      | Reached XP level 5. HP: 21/28 MP: 7/9
  2204 | D:3      | Reached XP level 6. HP: 24/32 MP: 7/10
  2299 | D:3      | Learned a level 3 spell: Stone Arrow
  2673 | D:4      | Found a staircase to the Ecumenical Temple.
  2685 | Temple   | Entered the Ecumenical Temple
  2732 | Temple   | Became a worshipper of Hepliaklqana the Forgotten
  2832 | D:4      | Reached skill level 1 in Fighting
  2926 | D:4      | Found a burning altar of Makhleb.
  2948 | D:5      | Entered Level 5 of the Dungeon
  3016 | D:5      | Reached skill level 10 in Conjurations
  3202 | D:5      | Reached XP level 7. HP: 27/38 MP: 4/11
  3997 | D:6      | Reached * piety under Hepliaklqana
  4297 | D:5      | Reached skill level 11 in Conjurations
  4566 | D:6      | Reached XP level 8. HP: 40/40 MP: 7/14
  5176 | D:7      | Found a flagged portal.
  5243 | Bailey   | Entered a bailey
  5459 | Bailey   | Reached skill level 12 in Conjurations
  6010 | D:7      | Reached skill level 5 in Spellcasting
  6102 | D:7      | Reached ** piety under Hepliaklqana
  6104 | D:7      | Remembered your ancestor Titus as a hexer
  6190 | D:7      | Reached XP level 9. HP: 38/46 MP: 6/18
  6202 | D:7      | Learned a level 5 spell: Lightning Bolt
  6387 | D:7      | Reached skill level 1 in Air Magic
  6522 | D:7      | Found an ancient bone altar of Kikubaaqudgha.
  6608 | D:7      | Noticed Pikel
  6621 | D:7      | Killed Pikel
  6871 | D:8      | Reached skill level 13 in Conjurations
  7543 | D:8      | Reached skill level 5 in Fighting
  7600 | D:8      | Reached XP level 10. HP: 53/53 MP: 14/21
  7723 | D:8      | Noticed a two-headed ogre
  7730 | D:8      | Killed a two-headed ogre
  7822 | D:8      | Learned a level 4 spell: Hailstorm
  7962 | D:8      | Reached skill level 5 in Air Magic
  8329 | D:9      | Found the +6 shillelagh "Devastator" {shatter}
  8332 | D:9      | Noticed a two-headed ogre
  8674 | D:9      | Found a staircase to the Lair.
  8726 | D:9      | Reached skill level 14 in Conjurations
  9502 | D:9      | Noticed a gargoyle
  9516 | D:9      | Killed a gargoyle
  9719 | D:9      | Noticed a two-headed ogre
  9724 | D:9      | Killed a two-headed ogre
  9725 | D:9      | Reached XP level 11. HP: 57/57 MP: 10/24
  9747 | D:9      | Killed a two-headed ogre
 10030 | D:9      | Reached skill level 15 in Conjurations
 10742 | Lair:1   | Entered Level 1 of the Lair of Beasts
 10816 | Lair:1   | Reached *** piety under Hepliaklqana
 11301 | Lair:1   | Learned a level 1 spell: Necrotise
 11339 | Lair:1   | Reached skill level 1 in Necromancy
 11511 | Lair:1   | Reached skill level 1 in Maces & Flails
 11973 | Lair:1   | Noticed a seven-headed hydra
 11980 | Lair:1   | Killed a seven-headed hydra
 12616 | Lair:2   | Reached XP level 12. HP: 64/64 MP: 3/26
 12772 | Lair:2   | Found a stormy altar of Qazlal.
 12780 | Lair:2   | Noticed Gastronok
 12823 | Lair:2   | Killed Gastronok
 12824 | Lair:2   | Reached skill level 10 in Spellcasting
 12938 | Lair:2   | Reached **** piety under Hepliaklqana
 12975 | Lair:2   | Identified the +4 flail "Arbiter" {flame, MP+9 Str+2}
 12980 | Lair:2   | Reached skill level 16 in Conjurations
 13592 | Lair:2   | Found a staircase to the Snake Pit.
 14063 | Lair:3   | Noticed Kirke
 14068 | Lair:3   | Noticed Amaemon
 14269 | D:10     | Entered Level 10 of the Dungeon
 14910 | D:11     | Noticed a two-headed ogre
 15036 | D:11     | Killed a two-headed ogre
 15306 | D:11     | Found a transporter.
 15317 | D:11     | Noticed a centaur warrior
 15329 | D:11     | Killed a centaur warrior
 15794 | D:11     | Found a staircase to the Orcish Mines.
 15810 | D:11     | Found a transporter.
 15811 | D:11     | Noticed leafyfresh's ghost (journeyman GnDe)
 15826 | D:11     | Noticed a thrashing horror
 15971 | D:11     | Noticed an eight-headed hydra
 15992 | D:11     | Killed an eight-headed hydra
 16312 | D:12     | Found Igeptar's Distillery.
 16313 | D:12     | Reached ***** piety under Hepliaklqana
 16411 | D:12     | Noticed a two-headed ogre
 16416 | D:12     | Killed a two-headed ogre
 16417 | D:12     | Reached XP level 13. HP: 71/71 MP: 29/29
 16426 | D:12     | Reached skill level 5 in Necromancy
 16426 | D:12     | Reached skill level 1 in Evocations
 16506 | D:12     | Reached skill level 1 in Ice Magic
 16801 | D:12     | Reached skill level 17 in Conjurations
 16949 | D:12     | Learned a level 3 spell: Mephitic Cloud
 17151 | D:12     | Found a basalt altar of Yredelemnul.
 17233 | D:12     | Identified the amulet of the Final Chapter {rElec rN+
                  | Regen+}
 17647 | Lair:3   | Killed Kirke
 17844 | Lair:3   | Killed Amaemon
 17937 | Lair:3   | Reached skill level 5 in Dodging
 18410 | Lair:3   | Learned a level 4 spell: Sticky Flame
 18821 | Lair:3   | Found a staircase to the Shoals.
 19080 | Lair:4   | Noticed Nessos
 19085 | Lair:4   | Killed Nessos
 19271 | Lair:4   | Found a staircase to the Slime Pits.
 19285 | Lair:4   | Identified the +10 scimitar "Cuwereymm" {vorpal, *Slow
                  | rPois Int+2 Dex+8}
 19691 | Lair:4   | Reached XP level 14. HP: 77/77 MP: 26/31
 19692 | Lair:4   | Reached skill level 18 in Conjurations
 19888 | Lair:4   | Noticed Rupert
 20183 | D:1      | Bought a scroll of acquirement for 520 gold pieces
 20187 | D:1      | Acquired the ring "Tugocul" {rElec rPois rN+ Dex+2}
 20195 | D:1      | Bought a scroll of acquirement for 520 gold pieces
 20196 | D:1      | Acquired a staff of conjuration
 20406 | Snake:1  | Entered Level 1 of the Snake Pit
 20662 | Snake:1  | Reached skill level 1 in Staves
 20667 | Snake:1  | HP: 3/77 [constriction (4)]
 20669 | Lair:2   | HP: 1/77 [poisoned by a naga warrior (splash of poison)]
 20889 | Snake:1  | Noticed Jorgrun
 20895 | Snake:1  | Killed Jorgrun
 21540 | Snake:1  | Noticed Aizul
 21577 | Snake:1  | Killed Aizul
 21748 | Snake:1  | Found a runed translucent door.
 21749 | Snake:1  | Noticed sleeves's ghost (adept BaSu)
 21847 | Snake:1  | Reached skill level 5 in Evocations
 22869 | Snake:1  | Reached XP level 15. HP: 82/82 MP: 3/32
 23014 | Snake:1  | Noticed a nagaraja
 23224 | Snake:1  | Reached skill level 10 in Fighting
 23232 | Snake:1  | Learned a level 5 spell: Irradiate
 23265 | Snake:1  | Killed a nagaraja
 23266 | Snake:1  | Reached skill level 19 in Conjurations
 23488 | Snake:1  | Learned a level 4 spell: Airstrike
 23494 | Snake:1  | Learned a level 5 spell: Freezing Cloud
 23568 | Snake:1  | Found Kudaigim's Weapon Emporium.
 23961 | Snake:2  | Found Hurrouts's Antique Weapon Boutique.
 23963 | Snake:2  | Found Doin's Distillery.
 23965 | Snake:2  | Found Deywabbimu's Distillery.
 23980 | Snake:2  | Reached skill level 1 in Transmutations
 24255 | Snake:2  | Reached ****** piety under Hepliaklqana
 24419 | Snake:2  | Noticed Vashnia
 24609 | Snake:2  | Reached skill level 5 in Staves
 24795 | Snake:2  | Reached skill level 10 in Air Magic
 25996 | Orc:1    | Entered Level 1 of the Orcish Mines
 26505 | Orc:2    | Entered Level 2 of the Orcish Mines
 27114 | Orc:2    | Noticed an orc warlord
 27265 | Orc:2    | Mangled by a cyclops

Illustrated notes

Levels and vault maps discovered:
D:1:      psy_arrival_terrarium, layout_loops_cross,
          dilly_ecumenical_altar_fadedgnrine, serial_shops,
          nicolae_lakefront_shop
D:2:      layout_loops_ring, reono_crystal_passage
D:3:      layout_basic, uniq_sigmund
D:4:      layout_loops_ring, mainiacjoe_overflow_alcove_1,
          mainiacjoe_overflow_cross_hatched, minmay_temple_entry_slanted,
          due_unseen_surprise
D:5:      layout_rooms
D:6:      layout_rooms, serial_corexii_hall, corexii_hall_statues_x,
          chequers_hall_statues_wall_a, chequers_hall_statues_wall_a,
          chequers_hall_statues_corner_a, corexii_hall_statues_x,
          corexii_hall_statues_deadend
D:7:      layout_rooms, marbit_many_paths, lightli_bailey_entry_fortress,
          uniq_pikel
D:8:      layout_loops_ring
D:9:      layout_loops_ring, david_lair_shrubbed,
          dilly_guarded_unrand_devastator
D:10:     layout_rooms
D:11:     layout_loops_corners, david_orc_2, gammafunk_ghost_abyssal_escape,
          kennysheep_decorative_pillar, serial_park_tiny_1
D:12:     layout_cave_pools, serial_shops, shop,
          yredelemnul_forgotten_temple_becter
D:13:     gammafunk_beogh_shrine, layout_basic, serial_shops,
          nicolae_diamond_shop, wad_dig_loot
Temple:   hellmonk_temple_of_storms
Lair:1:   layout_hall_layers, minmay_stone_trees_medium
Lair:2:   layout_big_grid, minmay_snake_entry_guardpost_medium, basic_altar,
          grunt_megastairs_2, infiniplex_staircase_pool_2, lemuel_fruit_fields,
          uniq_gastronok
Lair:3:   layout_small_grid, shoals_dummy_entry, grunt_megastairs_1,
          lemuel_fruit_tree, uniq_kirke, uniq_amaemon
Lair:4:   layout_regular_city, slime_entry_1, hibernation_bobbens,
          grunt_megastairs_4, uniq_rupert, uniq_nessos
Snake:1:  layout_misc_corridors, serial_shops,
          nicolae_shop_bloodbath_and_beyond, ebering_ghost_reflecting_pool,
          nicolae_snake_magic_snake_eye, uniq_aizul, uniq_jorgrun
Snake:2:  layout_misc_corridors, minmay_shop_star, uniq_vashnia
Orc:1:    layout_caves, ebering_ghost_reflecting_pool, lightli_church_of_beogh
Orc:2:    grunt_orc_community_town_hall, layout_caves,
          grunt_orc_community_big_house_1, grunt_orc_community_big_house_2,
          grunt_orc_community_house_1, grunt_orc_community_house_1,
          grunt_orc_community_house_1, grunt_orc_community_house_3,
          grunt_orc_community_house_3, grunt_orc_community_house_2, basic_altar

Skill      XL: |  1  2  3  4  5  6  7  8  9 10 11 12 13 14 15 |
---------------+----------------------------------------------+-----
Conjurations   | 6 7 9 10 11 12 13 14 15 16 17 18 19 | 19.6
Fighting       | 1 2 3 5 6 7 8 9 10 | 10.4
Spellcasting   | 3 5 6 8 9 11 12 13 | 13.4
Air Magic      | 4 6 7 9 10 | 10.3
Dodging        | 3 4 5 |  5.4
Necromancy     | 2 4 6 8 |  8.1
Maces & Flails | 2 4 |  4.8
Evocations     | 4 5 6 |  6.4
Ice Magic      | 3 |  3.6
Staves         | 3 5 |  5.5
Transmutations | 1 |  1.8
Stealth        | |  2.0

Action                   |  1- 3 |  4- 6 |  7- 9 | 10-12 | 13-15 || total
-------------------------+-------+-------+-------+-------+-------++-------
Melee: Peck              |     1 |       |     1 |     1 |       ||     3
       Unarmed           |     1 |       |       |       |       ||     1
       Dagger            |       |       |     3 |       |       ||     3
       Shillelagh        |       |       |       |     3 |       ||     3
       Flail             |       |       |       |       |     4 ||     4
       Kick              |       |       |       |       |     1 ||     1
Throw: Dart              |       |     1 |     1 |     1 |       ||     3
 Cast: Magic Dart        |    46 |    31 |   146 |   125 |   112 ||   460
       Searing Ray       |     2 |     6 |    39 |     5 |       ||    52
       Stone Arrow       |       |       |     3 |   229 |   445 ||   677
       Lightning Bolt    |       |       |       |     6 |     5 ||    11
       Necrotise         |       |       |       |     2 |       ||     2
       Hailstorm         |       |       |       |     4 |    49 ||    53
       Mephitic Cloud    |       |       |       |       |    16 ||    16
       Sticky Flame      |       |       |       |       |     5 ||     5
       Freezing Cloud    |       |       |       |       |     2 ||     2
Invok: Recall Ancestor   |       |       |     3 |     7 |    10 ||    20
       Ancestor Life: He |       |       |     1 |       |       ||     1
  Use: Potion            |       |     1 |       |       |     3 ||     4
       Scroll            |       |     1 |    20 |     2 |     4 ||    27
 Stab: Paralysed         |       |       |       |       |     1 ||     1
Armor: Leather armour    |     2 |       |       |       |       ||     2
       Robe              |       |     1 |    17 |    10 |    36 ||    64
Dodge: Dodged            |     5 |     4 |    67 |    40 |   125 ||   241
